Map: New Gettysburg LE

Players

Odina - Winner!

  • Race: Protoss Protoss
  • League: Gold
  • Spawn Location: 5:00

Fropez

  • Race: Protoss Protoss
  • League: Gold
  • Spawn Location: 7:00

VOD

Have the link to the VOD?

Description

Time

  • Played on: Oct. 22, 2016, 11:21 p.m.
  • Length: 4:54
Show
View Real Time Build Order
Export as new Build Order

Odina Protoss - Winner!

Build Orders:  

Get SALT Encoding   

  12  0:01  Probe (Chrono Boost)  
  13  0:12  Probe (Chrono Boost)  
  14  0:20  Pylon  
  14  0:22  Probe (Chrono Boost)  
  15  0:38  Probe (Chrono Boost)  
  15  0:41  Gateway  
  16  0:48  Probe (Chrono Boost)  
  17  0:58  Assimilator  
  17  1:00  Assimilator  
  17  1:02  Probe (Chrono Boost)  
  18  1:13  Probe (Chrono Boost)  
  18  1:18  Gateway  
  19  1:28  Cybernetics Core  
  19  1:37  Probe (Chrono Boost)  
  20  1:49  Pylon  
  20  1:53  Probe (Chrono Boost)  
  21  1:59  Pylon  
  21  2:08  Warp Gate (Chrono Boost)  
  21  2:11  Robotics Facility  
  21  2:21  Gateway  
  21  2:35  Adept x2  
  25  2:57  Mothership Core  
  27  3:09  Immortal  
  31  3:41  Pylon  
  29  3:58  Immortal (Chrono Boost)  
  33  4:09  Stalker x2  
  35  4:10  Stalker  
  35  4:14  Probe  
  38  4:33  Stalker x2  
  38  4:34  Stalker  
  44  4:53  Pylon  
Show
View Real Time Build Order
Export as new Build Order

Fropez Protoss 

Build Orders:  

Get SALT Encoding   

  12  0:01  Probe (Chrono Boost)  
  13  0:15  Pylon  
  13  0:18  Probe (Chrono Boost)  
  14  0:30  Probe (Chrono Boost)  
  14  0:33  Pylon  
  15  0:41  Probe (Chrono Boost)  
  16  1:06  Nexus  
  16  1:10  Probe (Chrono Boost)  
  17  1:23  Gateway  
  17  1:24  Probe (Chrono Boost)  
  18  1:30  Assimilator  
  18  1:39  Probe (Chrono Boost)  
  19  1:49  Probe (Chrono Boost)  
  20  1:58  Gateway  
  20  2:00  Probe (Chrono Boost)  
  20  2:09  Assimilator  
  20  2:10  Probe (Chrono Boost)  
  21  2:21  Probe (Chrono Boost)  
  22  2:24  Pylon  
  22  2:27  Probe (Chrono Boost), Cybernetics Core  
  23  2:32  Probe (Chrono Boost)  
  24  2:37  Probe (Chrono Boost)  
  24  2:42  Probe (Chrono Boost)  
  26  2:53  Probe (Chrono Boost), Gateway  
  26  2:55  Probe (Chrono Boost)  
  28  3:02  Gateway  
  28  3:04  Warp Gate (Chrono Boost)  
  29  3:07  Mothership Core (Chrono Boost)  
  30  3:19  Stalker  
  32  3:27  Probe (Chrono Boost)  
  33  3:32  Probe (Chrono Boost)  
  33  3:33  Pylon  
  27  3:59  Stalker x2  
  27  4:02  Probe (Chrono Boost)  
  31  4:07  Stalker  
  31  4:08  Probe (Chrono Boost)  
  32  4:13  Probe (Chrono Boost), Stalker  
  35  4:18  Probe (Chrono Boost)  
  35  4:23  Probe  
  37  4:28  Probe  
  40  4:37  Probe  
  43  4:39  Probe  
Tags
 
League
GoldGold
Matchup
PvP
Replay Pack
From the laptop
Spawn Locations
Close Positions
Add a new tag
Caveats
  • Supply blocks, unpowered buildings, or Contaminate may cause inaccurate times.
  • Supply counts are checked every 10 seconds.